 Dungeon Crawl Stone Soup version 0.27.0-1-g7a089689b8 (webtiles) character file.

Game seed: 642673847542924661

204 trckry the Firebug (level 5, 0/28 HPs)
             Began as a Deep Elf Fire Elementalist on Aug 7, 2021.
             Slain by a wyvern zombie (6 damage)
             ... on level 4 of the Dungeon.
             The game lasted 00:04:25 (2840 turns).

trckry the Firebug (Deep Elf Fire Elementalist)     Turns: 2840, Time: 00:04:26

Health: 0/28       AC:  6    Str:  6    XL:     5   Next: 52%
Magic:  0/13       EV: 12    Int: 20    God:
Gold:   163        SH:  0    Dex: 15    Spells: 11/12 levels left

rFire    + . .     SeeInvis .   k - +0 quarterstaff
rCold    . . .     Faith    .   (shield currently unavailable)
rNeg     . . .     Spirit   .   a - +0 robe
rPois    .         Reflect  .   (no helmet)
rElec    .         Harm     .   (no cloak)
rCorr    .         Rampage  .   (no gloves)
Will     .....                  (no boots)
Stlth    ++........             (no amulet)
HPRegen  0.09/turn              h - +4 ring of protection
MPRegen  0.13/turn              j - ring of protection from fire

@: no status effects
A: no striking features
a: no special abilities


You were on level 4 of the Dungeon.
You visited 1 branch of the dungeon, and saw 4 of its levels.

You collected 163 gold pieces.

Inventory:

Hand Weapons
 k - a +0 quarterstaff (weapon)
Armour
 a - a +0 robe (worn)
Jewellery
 h - a +4 ring of protection (left hand)
 j - a ring of protection from fire (right hand)
Scrolls
 b - a scroll of enchant weapon {unknown}
 d - a scroll of blinking {unknown}
 e - 2 scrolls of identify {unknown}
Potions
 c - 2 potions of degeneration {unknown}
 f - 2 potions of magic {unknown}
 g - 2 potions of heal wounds {unknown}
 i - a potion of haste


   Skills:
 - Level 2.4 Dodging
 - Level 2.4 Stealth
 + Level 4.4 Spellcasting
 * Level 3.8 Conjurations
 * Level 5.0 Fire Magic


You had 11 spell levels left.
You knew the following spells:

 Your Spells              Type           Power      Damage    Failure   Level
a - Foxfire               Conj/Fire      88%        2x1d8     1%          1

Your spell library contained the following spells:

 Spells                   Type           Power      Damage    Failure   Level
 Conjure Flame            Conj/Fire      22%        6-21      6%          3
 Inner Flame              Hex/Fire       14%        N/A       13%         3
 Sticky Flame             Conj/Fire      22%        2d4       21%         4
 Fireball                 Conj/Fire      11%        3d7       50%         5


Dungeon Overview and Level Annotations

Branches:
Dungeon (4/15)
 Temple: D:4-7

Altars:
Qazlal
Uskayaw
Yredelemnul
The Shining One


Message History

Casting: Foxfire (safe; 2% risk of failure)
Confirm with . or Enter, or press ? or * to list all spells.
You conjure some foxfire!
The foxfire hits something.
The foxfire hits the wyvern zombie.
The wyvern zombie is severely damaged.
You now have 2/13 mp.
Casting: Foxfire (safe; 2% risk of failure)
Confirm with . or Enter, or press ? or * to list all spells.
You conjure some foxfire!
The foxfire hits something. x2; Something hits you.
You take 2 damage, and have 26/28 hp.
You now have 1/13 mp.
Casting: Foxfire (safe; 2% risk of failure)
Confirm with . or Enter, or press ? or * to list all spells.
You conjure some foxfire!
The foxfire hits something. x2
Reactivating autopickup.
You feel a bit more experienced. The wyvern zombie misses you.
Your Fire Magic skill increases to level 5!
You now have 0/13 mp.
Casting: Foxfire (safe; 1% risk of failure)
Confirm with . or Enter, or press ? or * to list all spells.
You don't have enough magic to cast this spell.
The foxfire hits the wyvern zombie.
The wyvern zombie is severely damaged.
The foxfire hits the wyvern zombie.
The wyvern zombie is almost destroyed.
The wyvern zombie bites you!
You take 12 damage, and have 14/28 hp.
MASSIVE DAMAGE!!
The wyvern zombie barely misses you.
A hound skeleton comes into view.
The wyvern zombie bites you!
* * * LOW HITPOINT WARNING * * *
You take 8 damage, and have 6/28 hp.
MASSIVE DAMAGE!!
Casting: Foxfire (safe; 1% risk of failure)
Confirm with . or Enter, or press ? or * to list all spells.
You conjure some foxfire!
The wyvern zombie closely misses you.
You now have 0/13 mp.
The foxfire hits the wyvern zombie but does no damage.
The wyvern zombie is almost destroyed.
Found 28 sling bullets.
The wyvern zombie bites you.
You die...

...## #.#..
...##.....
#)......## .
#)#......#
....###)......#
.......<.Z...#
.$.#..v#.....#
######Z#.....
#.@# ...#
...........>.#
...........###
....(........
......#......#
......#......#
......#...#.##
.........####


You could see a wyvern zombie and a hound skeleton.

Vanquished Creatures
  A hound (D:4)
  Natasha (thrice) (D:2)
  An orc wizard (D:4)
  An adder (D:2)
  2 dart slugs
  6 orcs
  A ball python (D:1)
  3 bats
  6 endoplasms
  2 giant cockroaches
  3 goblins
  7 hobgoblins
  5 kobolds
  A quokka (D:2)
  6 frilled lizards
  7 rats
55 creatures vanquished.

Vanquished Creatures (others)
  211 foxfires
211 creatures vanquished.

Grand Total: 266 creatures vanquished

Notes
Turn   | Place    | Note
-------+----------+-------------------------------------------
     0 | D:1      | trckry the Deep Elf Fire Elementalist began the quest for
                  | the Orb.
     0 | D:1      | Reached XP level 1. HP: 10/10 MP: 6/6
   316 | D:1      | Reached XP level 2. HP: 8/15 MP: 0/8
   935 | D:2      | Found a faded altar of an unknown god.
  1125 | D:2      | Noticed Natasha
  1136 | D:2      | Killed Natasha
  1137 | D:2      | Reached skill level 4 in Fire Magic
  1137 | D:2      | Reached XP level 3. HP: 19/19 MP: 1/10
  1182 | D:2      | Noticed Natasha
  1187 | D:2      | Killed Natasha
  1188 | D:2      | Reached XP level 4. HP: 24/24 MP: 2/11
  1406 | D:2      | Noticed Natasha
  1412 | D:2      | Killed Natasha
  2050 | D:3      | Reached XP level 5. HP: 28/28 MP: 1/13
  2562 | D:3      | Found a glowing golden altar of the Shining One.
  2573 | D:3      | Found a stormy altar of Qazlal.
  2588 | D:3      | Found a hide-covered altar of Uskayaw.
  2665 | D:3      | Found a basalt altar of Yredelemnul.
  2835 | D:4      | Reached skill level 5 in Fire Magic
  2840 | D:4      | Slain by a wyvern zombie

Illustrated notes

Levels and vault maps discovered:
D:1:      dpeg_arrival_rooms_b, layout_rooms
D:2:      layout_loops_ring, hellmonk_ecumenical_altar_heavens_door,
          chequers_serial_rivers_room_b, grunt_ministairs_4, uniq_natasha
D:3:      layout_rooms, nicolae_overflow_quartered_altars, grunt_decor_cap
D:4:      layout_cave_pools, mainiacjoe_overflow_cross_hatched,
          mainiacjoe_overflow_swirl, serial_column_ruins,
          column_ruins_circle_large, column_ruins_hut_water,
          column_ruins_grid_1, column_ruins_corridor_dead_end,
          column_ruins_corridor_water, gup_sewer_entry_spiral

Skill      XL: |  1  2  3  4  5 |
---------------+----------------+-----
Conjurations   | 2 3 |  3.8
Fire Magic     | 4 5 |  5.0
Spellcasting   | 4 |  4.4
Dodging        | |  2.4
Stealth        | |  2.4

Action                   |  1- 3 |  4- 6 || total
-------------------------+-------+-------++-------
 Cast: Foxfire           |    56 |    79 ||   135
Armor: Robe              |     1 |     2 ||     3
Dodge: Dodged            |     4 |     9 ||    13
